 Dungeon Crawl Stone Soup version 0.19.4 (webtiles) character file.

917 vatarom the Ruffian (level 7, -7/70 HPs)
             Began as a Troll Chaos Knight on Feb 3, 2017.
             Killed by divine providence
             ... invoked by an orc priest
              (11 damage)
             ... on level 5 of the Dungeon.
             The game lasted 00:08:52 (2691 turns).

vatarom the Ruffian (Troll Chaos Knight)            Turns: 2691, Time: 00:08:53

Health: -7/70      AC:  8    Str: 21    XL:     7   Next: 83%
Magic:  6/6        EV: 12    Int: 11    God:    Xom [....*.]
Gold:   198        SH:  0    Dex: 11    Spells: 0 memorised, 6 levels left

rFire  + . .     SeeInvis .       - Unarmed
rCold  x . .     Gourm    +     a - +2 robe
rNeg   . . .     Faith    .     (no shield)
rPois  .         Spirit   .     (helmet restricted)
rElec  .         Reflect  .     k - +0 cloak
rCorr  .         Harm     .     (gloves unavailable)
MR     .....                    (boots unavailable)
Stlth  +.........               (no amulet)
                                p - ring of fire
                                e - +3 ring of intelligence

@: invisible
A: unfitting armour, claws 3, fast metabolism 3, gourmand, regeneration 1,
shaggy fur 1, tough skin 2
a: Renounce Religion


You were on level 5 of the Dungeon.
You worshipped Xom.
You were a beloved toy of Xom.
You were completely stuffed.

You visited 1 branch of the dungeon, and saw 5 of its levels.

You collected 226 gold pieces.
You spent 28 gold pieces at shops.

Inventory:

Armour
 a - a +2 robe (worn)
 k - a +0 cloak (worn)
Jewellery
 e - a +3 ring of intelligence (left claw)
 p - a ring of fire (right claw)
Wands
 f - a wand of slowing (29/48)
 i - a wand of iceblast (7/15)
 j - a wand of flame (21/48)
 m - a wand of teleportation (4/9)
Scrolls
 g - 3 scrolls of amnesia
 h - 6 scrolls of identify
 l - a scroll of fear
Comestibles
 b - 6 bread rations
 c - a slice of pizza
 d - 4 meat rations
 o - 3 chunks of flesh


   Skills:
 + Level 4.2 Fighting
 * Level 5.0 Dodging
 * Level 6.3 Unarmed Combat


You had 6 spell levels left.
You didn't know any spells.

Dungeon Overview and Level Annotations

Branches:
Dungeon (5/15)
 Temple: D:4-7

Altars:
Cheibriados
Dithmenos
Gozag
Hepliaklqana
Sif Muna
Xom

Shops:
D:4 :*[*


Innate Abilities, Weirdness & Mutations

You are too large for most types of armour.
You have claws for hands.
Your metabolism is lightning-fast.
You like to eat raw meat.
Your natural rate of healing is unusually fast.
You are covered in fur. (AC +1)
You have very tough skin. (AC +2)


Message History

You're too confused to move!
Something hits you but does no damage.
You're too confused to move!
The orc priest hits you but does no damage. x2
Something hits you.
* * * LOW HITPOINT WARNING * * *
You're too confused to move!
The orc priest misses you. Something hits you but does no damage.
You're too confused to move!
The orc priest invokes the aid of Beogh against you.
Beogh smites you!
* * * LOW HITPOINT WARNING * * *
The orc priest invokes the aid of Beogh against you.
You struggle to resist.
Something hits you.
* * * LOW HITPOINT WARNING * * *
You fade into invisibility!
You feel less confused. The orc priest barely misses you.
The orc priest invokes the aid of Beogh against you.
Beogh smites you!
You die...

.....................
#...........?.######.
#.............# ....
..............#### ?...
.................. .....
.................. .....
................. ......
....#...........####......
....#...........@.........
....#......#....oo).......
....#......#..............
....# #..............
....# #..............
....########..............
..........................
..........................
..........................


You could see 2 orc priests.

Vanquished Creatures
  Sigmund (D:4)
  Edmund (D:4)
  Duvessa (D:4)
  The ghost of volk64 the Sneak, an amateur OpAs of Cheibriados (D:3)
  A scorpion (D:4)
  A howler monkey (D:4)
  2 crimson imps
  A jelly (D:4)
  2 orc priests (D:3)
  Crazy Yiuf (D:3)
  A worker ant (D:4)
  An iguana (D:4)
  2 adders
  4 gnolls (D:2)
  2 oozes (D:4)
  3 worms
  2 dart slugs
  9 orcs
  3 ball pythons
  4 bats
  2 giant cockroaches
  6 goblins
  11 hobgoblins
  8 jackals
  A quokka (D:4)
  3 frilled lizards
  A jackal skeleton (D:4)
  3 kobolds (D:1)
  A quokka skeleton (D:5)
  11 rats
90 creatures vanquished.

Vanquished Creatures (collateral kills)
  A bat (D:2)
1 creature vanquished.

Vanquished Creatures (others)
  An orc (D:3)
1 creature vanquished.

Grand Total: 92 creatures vanquished

Notes
Turn   | Place    | Note
-------+----------+-------------------------------------------
     0 | D:1      | vatarom the Troll Chaos Knight began the quest for the Orb.
     0 | D:1      | Reached XP level 1. HP: 22/22 MP: 0/0
     2 | D:1      | Noticed a demonspawn
     2 | D:1      | Noticed a centaur
     4 | D:1      | Noticed a demigod
     4 | D:1      | Noticed a felid
     4 | D:1      | XOM: harmless Necr miscast
     6 | D:1      | Noticed a dwarf
     6 | D:1      | Noticed a gargoyle
     8 | D:1      | Noticed a ghoul
    10 | D:1      | Noticed a tengu
    10 | D:1      | Noticed a human
    12 | D:1      | Noticed a merfolk
    14 | D:1      | Noticed a troll
    14 | D:1      | Noticed an octopode
    16 | D:1      | Noticed a formicid
    16 | D:1      | Noticed a draconian
    18 | D:1      | Noticed a vampire
    18 | D:1      | Noticed a halfling
    20 | D:1      | Noticed an ogre
    22 | D:1      | Noticed a vine stalker
    24 | D:1      | Noticed a minotaur
    24 | D:1      | Noticed a naga
    26 | D:1      | Noticed a spriggan
    26 | D:1      | Noticed an elf
   149 | D:1      | Reached XP level 2. HP: 27/29 MP: 1/1
   301 | D:1      | XOM: divination: magic mapping
   472 | D:1      | You fall through a shaft!
   617 | D:1      | Reached XP level 3. HP: 36/36 MP: 2/2
   771 | D:2      | XOM: cast spell 'Summon Ice Beast'
   811 | D:2      | XOM: harmless Conj miscast
   954 | D:2      | XOM: confusion (+ monsters)
   972 | D:2      | Found a faded altar of an unknown god.
  1037 | D:2      | XOM: divination: detect items
  1051 | D:2      | Reached XP level 4. HP: 44/45 MP: 3/3
  1058 | D:2      | XOM: repel stairs
  1238 | D:2      | Found a snail-covered altar of Cheibriados.
  1270 | D:3      | Noticed volk64's ghost (amateur OpAs)
  1274 | D:3      | XOM: 2-stop teleportation journey
  1336 | D:3      | Reached skill level 4 in Unarmed Combat
  1458 | D:3      | Killed volk64's ghost
  1458 | D:3      | Reached XP level 5. HP: 51/53 MP: 4/4
  1551 | D:3      | XOM: harmless Necr miscast
  1615 | D:3      | Found an opulent altar of Gozag.
  1618 | D:3      | Found a deep blue altar of Sif Muna.
  1632 | D:3      | Found a hazy altar of Hepliaklqana.
  1642 | D:3      | Found a shadowy altar of Dithmenos.
  1753 | D:3      | XOM: summons 3 hostile shadow creatures
  1764 | D:3      | Found a runed door.
  1768 | D:3      | Noticed Crazy Yiuf
  1773 | D:3      | Killed Crazy Yiuf
  1773 | D:3      | Reached XP level 6. HP: 49/61 MP: 5/5
  1834 | D:4      | Noticed Sigmund
  1843 | D:4      | XOM: chaos upgrade
  1851 | D:4      | Killed Sigmund
  1851 | D:4      | Reached skill level 5 in Unarmed Combat
  1912 | D:4      | XOM: mild Chrm miscast
  1934 | D:4      | Found Xaog's Antique Armour Emporium.
  2017 | D:4      | XOM: 1-stop teleportation journey
  2018 | D:4      | Noticed Duvessa
  2018 | D:4      | Noticed Dowan
  2022 | D:4      | Killed Duvessa
  2022 | D:4      | Reached XP level 7. HP: 55/68 MP: 6/6
  2027 | D:4      | Noticed Dowan
  2027 | D:4      | Dowan changed into Dowan the jelly
  2027 | D:4      | XOM: polymorph Dowan -> Dowan the jelly
  2030 | D:4      | Killed Dowan the jelly
  2091 | D:4      | Found Riugraag's Book Emporium.
  2233 | D:4      | Found Qomih's General Store.
  2242 | D:4      | Found Zamadojy's Assorted Antiques.
  2264 | D:4      | Bought a dark potion for 28 gold pieces
  2327 | D:4      | Noticed Edmund
  2331 | D:4      | XOM: summons friendly quasit
  2337 | D:4      | Killed Edmund
  2337 | D:4      | Reached skill level 5 in Dodging
  2337 | D:4      | Reached skill level 6 in Unarmed Combat
  2347 | D:4      | XOM: polymorph quasit -> iron imp
  2530 | D:5      | Entered Level 5 of the Dungeon
  2530 | D:5      | Found an opulent altar of Gozag.
  2600 | D:5      | XOM: scenery: create altars
  2691 | D:5      | Killed from afar by an orc priest

Skill      XL: |  1  2  3  4  5  6  7 |
---------------+----------------------+-----
Dodging        | 2 3 4 5 |  5.0
Fighting       | 3 4 |  4.2
Unarmed Combat | 4 5 6 |  6.3

Action                   |  1- 3 |  4- 6 |  7- 9 || total
-------------------------+-------+-------+-------++-------
Melee: Unarmed           |   109 |   102 |    59 ||   270
       Punch             |     1 |     1 |       ||     2
Evoke: Wand              |       |     1 |       ||     1
  Use: Scroll            |     4 |     5 |     1 ||    10
       Potion            |     2 |     3 |     3 ||     8
 Stab: Confused          |     1 |       |       ||     1
       Invisible         |       |     3 |       ||     3
  Eat: Chunk             |    15 |     9 |     7 ||    31
Armor: Robe              |    37 |    39 |    12 ||    88
Dodge: Dodged            |    63 |    56 |    21 ||   140
